 Dungeon Crawl Stone Soup version 0.28.0-43-g3370ac3207 (webtiles) character file.

Game seed: 10467757830759732391

51 shaman420 the Ducker (level 3, -9/28 HPs)
             Began as a Merfolk Arcane Marksman on Mar 22, 2022.
             Was a Follower of Nemelex Xobeh.
             Killed by divine providence
             ... invoked by an orc priest
              (14 damage)
             ... on level 3 of the Dungeon.
             The game lasted 00:16:48 (2756 turns).

shaman420 the Ducker (Merfolk Arcane Marksman)      Turns: 2756, Time: 00:16:52

Health: -9/28      AC:  3    Str: 10    XL:     3   Next: 81%
Magic:  4/4        EV: 12    Int: 14    God:    Nemelex Xobeh [*.....]
Gold:   114        SH:  0    Dex: 14    Spells: 3/4 levels left

rFire   . . .      SeeInvis .   p - +8 flail of Irritation {holy, rC+}
rCold   + . .      Faith    .   (no shield)
rNeg    . . .      Spirit   .   h - +0 leather armour
rPois   .          Reflect  .   (no helmet)
rElec   .          Harm     .   (no cloak)
rCorr   .          Rampage  .   (no gloves)
Will    .....                   (no boots)
Stlth   +.........              (no amulet)
HPRegen 0.09/turn               (no ring)
MPRegen 0.09/turn               (no ring)

@: no status effects
A: (nimble swimmer 2), mertail
a: Renounce Religion, Draw Escape, Draw Destruction, Draw Summoning


You were on level 3 of the Dungeon.
You worshipped Nemelex Xobeh.
Nemelex Xobeh was aware of your devotion.
You visited 1 branch of the dungeon, and saw 3 of its levels.

You collected 114 gold pieces.

Inventory:

Hand Weapons
 g - a +0 whip
 l - a +1 dagger of flaming
 p - the +8 flail of Irritation (weapon) {holy, rC+}
   (You found it on level 3 of the Dungeon)

   It has been blessed by the Shining One to cause great damage to the undead
   and demons.
   rC:        It protects you from cold.
Missiles
 b - 4 javelins
 d - 123 stones (quivered)
 f - 8 poisoned darts
Armour
 a - a +0 robe
 h - a +0 leather armour (worn)
 j - a +0 plate armour
Scrolls
 e - 7 scrolls of identify {unknown}
 i - a scroll of silence {unknown}
 k - a scroll of teleportation {unknown}
 m - a scroll of vulnerability {unknown}
 n - 4 scrolls of acquirement {unknown}
 q - a scroll of summoning {unknown}
Potions
 c - a potion of curing {unknown}
 o - 2 potions of heal wounds {unknown}


   Skills:
 + Level 2.6 Fighting
 - Level 2.0 Throwing
 + Level 3.5 Dodging
 - Level 0.6 Stealth
 + Level 1.2 Spellcasting
 + Level 3.1 Hexes
 * Level 0.7 Invocations


You had 3 spell levels left.
You knew the following spells:

 Your Spells              Type           Power      Damage    Failure   Level
a - Slow                  Hex            36%        N/A       10%         1

Your spell library contained the following spells:

 Spells                   Type           Power      Damage    Failure   Level
 Ensorcelled Hibernation  Hex/Ice        10%        N/A       28%         2
 Passwall                 Tmut/Erth      0%         N/A       47%         2
 Inner Flame              Hex/Fire       5%         N/A       50%         3
 Portal Projectile        Hex/Tloc       10%        N/A       50%         3
 Swiftness                Air            0%         N/A       71%         3
 Cause Fear               Hex            4%         N/A       67%         4
 Discord                  Hex            4%         N/A       100%        8


Dungeon Overview and Level Annotations

Branches:
Dungeon (3/15)

Altars:
Kikubaaqudgha
Nemelex Xobeh

Shops:
D:2 *   D:3 [

Annotations:
D:3 exclusions: adder and gnoll


Innate Abilities, Weirdness & Mutations

((You are very nimble when in or above water. (Stealth+, EV+, Speed+++)))
Your lower body shifts to a powerful aquatic tail in water.


Message History

d - 113 stones (gained 1)
d - 114 stones (gained 1)
d - 115 stones (gained 1)
You now have 103 gold pieces (gained 13).
Found a stone staircase leading up.
You now have 114 gold pieces (gained 11).
d - 123 stones (gained 8)
q - a scroll labelled VOMIRYECUG
There is a stone staircase leading up here. 4 orcs come into view.
The orc shouts! x4
An orc priest comes into view. It is wielding a +0 mace.
The orc priest shouts!
You sock the orc!
You kill the orc!
You sock the orc!
You kill the orc!
You barely miss the orc. The orc barely misses you.
You barely miss the orc. The orc closely misses you. The orc barely misses you.
You sock the orc!
You kill the orc!
The orc priest mumbles some strange prayers to Beogh against you.
Beogh smites you!
You closely miss the orc priest. You sock the orc!
You kill the orc!
You hit the orc priest.
The orc priest is moderately wounded.
The orc priest hits you with a +0 mace! The orc priest hits you with a +0 mace.
* * * LOW HITPOINT WARNING * * *
You are too injured to fight recklessly!
You are too injured to fight recklessly!
You are too injured to fight recklessly!
You barely miss the orc priest.
The orc priest is moderately wounded.
The orc priest calls down the wrath of Beogh upon you.
Beogh smites you!
Ouch! That really hurt!
You die...
Your body glows slightly and disappears.

#
#.......##.#######.#
#. #.......##.# #.#
##.#####.......##.##
#.#
...................#
#.#
..........<####..#
#.# ......###.# #..#
#.# #.#####.## #..#
#.# #.o###.## #..#
####.# #.#.#@##
###..# #.....
#o##o##
#....###.####
#o########........#
#.#...........###.#
#o#.#######.#.# #.#
#o #.#.# #.#### ##
#.#.# #..... #.#.#
###... #.#.# #.##


You could see an orc priest.

Vanquished Creatures
  5 orcs (D:3)
  5 ball pythons
  An endoplasm (D:3)
  3 giant cockroaches
  7 goblins (D:2)
  8 hobgoblins (D:2)
  A quokka (D:1)
  2 bats
  2 frilled lizards
  5 kobolds
  3 rats
42 creatures vanquished.

Notes
Turn   | Place    | Note
-------+----------+-------------------------------------------
     0 | D:1      | shaman420 the Merfolk Arcane Marksman began the quest for
                  | the Orb.
     0 | D:1      | Reached XP level 1. HP: 15/15 MP: 2/2
   674 | D:1      | Reached XP level 2. HP: 17/22 MP: 3/3
  1227 | D:2      | Found Namecith's General Store.
  1730 | D:2      | Found an ancient bone altar of Kikubaaqudgha.
  1847 | D:2      | Found a faded altar of an unknown god.
  1953 | D:2      | Reached XP level 3. HP: 17/28 MP: 4/4
  2299 | D:2      | Prayed at the altar of an unknown god.
  2299 | D:2      | Became a worshipper of Nemelex Xobeh the Trickster
  2299 | D:2      | Reached * piety under Nemelex Xobeh
  2331 | D:3      | Received a gift from Nemelex Xobeh
  2526 | D:3      | Identified the +8 flail of Irritation {holy, rC+}
  2537 | D:3      | Found Wyefiulo's Antique Armour Boutique.
  2756 | D:3      | Killed from afar by an orc priest

Illustrated notes

Levels and vault maps discovered:
D:1:      dpeg_arrival_leaves_temple_mockup, layout_loops_cross, minivault_27
D:2:      cheibrodos_greedy_goblins, layout_loops_cross,
          ebering_ecumenical_altar_webs, serial_shops, shop, basic_altar,
          grunt_ministairs_2, minmay_misc_feat_hallway
D:3:      layout_loops_ring, serial_shops, shop, minmay_statues_item

Skill      XL: |  1  2 |
---------------+-------+-----
Dodging        | 3 |  3.5
Fighting       | 2 |  2.6
Throwing       | |  2.0
Stealth        | |  0.6
Spellcasting   | |  1.2
Hexes          | |  3.1
Invocations    | |  0.7

Action                   || total
-------------------------++-------
Melee: Unarmed           ||    18
       Whip              ||    42
       Dagger            ||    64
       Flail             ||    11
       Punch             ||     1
Throw: Stone             ||    55
       Javelin           ||     2
       Throwing net      ||     2
 Stab: Held in net/web   ||     1
       Sleeping          ||     1
Armor: Robe              ||    11
       Leather armour    ||    13
Dodge: Dodged            ||    63
